 Dungeon Crawl Stone Soup version 0.31-a0-538-gbc85326fa9 (webtiles) character file.

Game seed: 5641082404508105691

162958 pokeman the Sorcerer (level 16, 0/90 (92) HPs)
             Began as a Deep Elf Hedge Wizard on Aug 13, 2023.
             Was the Champion of Vehumet.
             Succumbed to an orc warlord's poison
             ... on level 2 of the Orcish Mines.
             The game lasted 01:22:12 (29569 turns).

pokeman the Sorcerer (Deep Elf Hedge Wizard)       Turns: 29569, Time: 01:22:12

HP:   0/90 (92)     AC: 17    Str:  2    XL:     16   Next: 97%
MP:   45/73         EV: 12    Int: 28    God:    Vehumet [******]
Gold: 3663          SH:  6    Dex: 17    Spells: 18/64 levels left

rFire   + . .        H - +7 short sword "Zunwur" {protect, rPois rC+++ MP+9 Str-5}
rCold   + + .        F - +0 buckler
rNeg    . . .        x - +0 steam dragon scales
rPois   +            B - +2 helmet "Yhoesoic" {rC- Will+ MP+9 Dex+3}
rElec   .            s - +1 cloak {rF+}
rCorr   .            D - +1 pair of gloves
SInv    .            g - +2 pair of boots
Will    ++...        a - amulet of magic regeneration
Stlth   ++           n - ring of wizardry
HPRegen 0.35/turn    f - ring of magical power
MPRegen 0.83/turn

%: wizardry (x1)
@: lethally poisoned (0 -> -12), studying Short Blades, lightly drained
A: no striking features
}: 1/15 runes: barnacled
a: Renounce Religion


You were on level 2 of the Orcish Mines.
You worshipped Vehumet.
Vehumet was exalted by your worship.
You visited 5 branches of the dungeon, and saw 27 of its levels.
You also visited: Ice Cave and Volcano.

You collected 3718 gold pieces.
You spent 55 gold pieces at shops.

Inventory:

Hand Weapons
 H - the +7 short sword "Zunwur" (weapon) {protect, rPois rC+++ MP+9 Str-5}
   (You found it on level 6 of the Dungeon)

   Str-5:     It affects your strength (-5).
   rC+++:     It renders you almost immune to cold.
   rPois:     It protects you from poison MP+9: It affects your magic capacity
   (+9).
 Z - the +3 long sword of Virag {pain, *Noise rF+++ Will+ Dex+3 SInv}
   (You found it on level 3 of the Lair of Beasts)

   Dex+3:     It affects your dexterity (+3).
   rF+++:     It renders you almost immune to fire.
   Will+:     It increases your willpower.
   SInv:      It lets you see invisible.
   *Noise:    It may make a loud noise when swung.
Missiles
 i - 3 throwing nets
 Q - 6 curare-tipped darts
Armour
 g - a +2 pair of boots (worn)
 s - a +1 cloak of fire resistance (worn)
 x - +0 steam dragon scales (worn)
 B - the +2 helmet "Yhoesoic" (worn) {rC- Will+ MP+9 Dex+3}
   (You found it on level 14 of the Dungeon)

   Dex+3:     It affects your dexterity (+3).
   rC-:       It makes you vulnerable to cold.
   Will+:     It increases your willpower.
   MP+9:      It affects your magic capacity (+9).
 D - a +1 pair of gloves (worn)
 F - a +0 buckler (worn)
Jewellery
 a - an amulet of magic regeneration (around neck)
 f - a ring of magical power (right hand)
 n - a ring of wizardry (left hand)
 S - a ring of flight
Wands
 m - a wand of light (12)
 P - a wand of paralysis (12)
Scrolls
 e - 3 scrolls of blinking
 p - 13 scrolls of teleportation
 A - 3 scrolls of revelation
Potions
 d - 4 potions of magic
 j - 5 potions of haste
 o - 7 potions of heal wounds
 r - 9 potions of ambrosia
 z - 10 potions of curing
 I - 2 potions of lignification {unknown}
Miscellaneous
 V - a lightning rod (4/4)
 W - a phantom mirror
 X - a phial of floods
 Y - a tin of tremorstones (2/2)


   Skills:
 - Level 7.0 Fighting
 + Level 7.3 Armour
 - Level 3.0 Dodging
 - Level 3.0 Stealth
 - Level 6.0 Shields
 * Level 24.8 Spellcasting
 + Level 15.4 Conjurations
 - Level 1.1 Summonings
 - Level 1.0 Necromancy
 - Level 1.1 Translocations
 + Level 15.1 Fire Magic
 - Level 1.0 Ice Magic
 - Level 1.3 Air Magic
 - Level 1.3 Earth Magic
 - Level 1.1 Poison Magic
 - Level 1.1 Evocations


You had 18 spell levels left.
You knew the following spells:

 Your Spells              Type           Power      Damage    Failure   Level
a - Magic Dart            Conj           100%       1d8       0%          1
b - Mephitic Cloud        Conj/Pois/Air  62%        N/A       1%          3
c - Call Imp              Summ           82%        N/A       1%          2
d - Blink                 Tloc           82%        N/A       1%          2
e - Foxfire               Conj/Fire      100%       2x1d9     0%          1
f - Starburst             Conj/Fire      44%        6d12      1%          6
g - Plasma Beam           Fire/Air       34%        2x1d47    1%          6
h - Leda's Unmaking       Conj/Erth      34%        9d6       1%          6
i - Swiftness             Air            42%        N/A       1%          3
j - Freezing Cloud        Conj/Ice/Air   30%        6-21      1%          5
k - Stone Arrow           Conj/Erth      100%       3d13      1%          3
l - Ignition              Fire           44%        3d13      3%          8

Your spell library contained the following spells:

 Spells                   Type           Power      Damage    Failure   Level
 Sandblast                Erth           84%        2d18      1%          1
 Shock                    Conj/Air       100%       1d9       1%          1
 Slow                     Hex            100%       N/A       1%          1
 Cigotuvi's Dreadful Rot  Necr/Pois/Air  82%        N/A       1%          2
 Ensorcelled Hibernation  Hex/Ice        74%        N/A       1%          2
 Lesser Beckoning         Tloc           82%        N/A       1%          2
 Passwall                 Tmut/Erth      31%        N/A       1%          2
 Call Canine Familiar     Summ           41%        N/A       1%          3
 Dazzling Flash           Conj/Hex       100%       N/A       1%          3
 Gell's Gravitas          Tloc           41%        N/A       1%          3
 Hailstorm                Conj/Ice       69%        3d14      1%          3
 Portal Projectile        Hex/Tloc       74%        N/A       1%          3
 Teleport Other           Tloc           41%        N/A       1%          3
 Volatile Blastmotes      Fire/Tloc      100%       2d18      1%          3
 Airstrike                Air            21%        2d(3-19)  1%          4
 Flame Wave               Conj/Fire      88%        2d19      1%          4
 Animate Armour           Summ/Erth      82%        N/A       4%          4
 Animate Dead             Necr           40%        N/A       4%          4
 Manifold Assault         Tloc           41%        N/A       4%          4
 Summon Ice Beast         Ice/Summ       40%        N/A       4%          4
 Anguish                  Hex/Necr       18%        N/A       6%          4
 Leda's Liquefaction      Hex/Erth       19%        N/A       6%          4
 Borgnjor's Vile Clutch   Necr/Erth      20%        N/A       12%         5
 Metabolic Englaciation   Hex/Ice        18%        N/A       16%         5
 Summon Mana Viper        Hex/Summ       37%        N/A       16%         5
 Lehudib's Crystal Spear  Conj/Erth      34%        10d9      34%         8
 Dispersal                Tloc           20%        N/A       54%         6
 Ozocubu's Refrigeration  Ice            20%        4d11      63%         7
 Haunt                    Necr/Summ      20%        N/A       98%         7
 Monstrous Menagerie      Summ           20%        N/A       98%         7
 Maxwell's Capacitive Co  Air            21%        ∞         99%         8
 Borgnjor's Revivificati  Necr           20%        N/A       100%        8
 Disjunction              Tloc           20%        N/A       100%        8
 Infestation              Necr           20%        N/A       100%        8
 Death's Door             Necr           20%        N/A       100%        9


Dungeon Overview and Level Annotations

Branches:
Dungeon (15/15)            Temple (1/1) D:5            Lair (5/5) D:10
 Shoals (4/4) Lair:3       Spider (0/4) Lair:3        Slime (0/5) Lair:5
    Orc (2/2) D:11            Elf (0/3) Orc:2        Vaults (0/5) D:14
 Depths (0/4) D:15          IceCv (visited)         Volcano (visited)

Altars:
Ashenzari
Cheibriados
Dithmenos
Elyvilon
Fedhas
Gozag
Hepliaklqana
Kikubaaqudgha
Makhleb
Nemelex Xobeh
Okawaru
Qazlal
Ru
Sif Muna
Trog
Uskayaw
Vehumet
Wu Jian
Xom
Yredelemnul
Zin
The Shining One
Jiyva

Shops:
D:1 *   D:7 (   D:8 (   Shoals:4 :

Annotations:
D:14 5 runed translucent doors
Lair:1 2 transporters


Message History

Press: ? - help, Shift-Dir - straight line, f/p - orc warlord
Aim: an orc warlord, wielding a +6 bardiche of venom and wearing a +0 chain mail (noxious fumes, moderately wounded, 81% to hit)
The entropic shot hits the orc warlord!
The orc warlord is heavily wounded.
The orc warlord is engulfed in noxious fumes.
The orc warlord hits you from afar with a +6 bardiche of venom!
You are poisoned.
Casting: Leda's Unmaking (dangerous; 1% risk of failure)
Confirm with . or Enter, or press ? or * to list all spells.
Aiming: Leda's Unmaking (dangerous; 1% risk of failure)
Press: ? - help, Shift-Dir - straight line, f/p - orc warlord
Aim: an orc warlord, wielding a +6 bardiche of venom and wearing a +0 chain mail (noxious fumes, heavily wounded, 81% to hit)
The entropic shot hits the orc warlord!
The orc warlord is severely wounded.
You feel very sick.
The orc warlord is engulfed in noxious fumes.
The orc warlord hits you from afar with a +6 bardiche of venom.
You are more poisoned.
Casting: Leda's Unmaking (dangerous; 1% risk of failure)
Confirm with . or Enter, or press ? or * to list all spells.
Aiming: Leda's Unmaking (dangerous; 1% risk of failure)
Press: ? - help, Shift-Dir - straight line, f/p - orc warlord
Aim: an orc warlord, wielding a +6 bardiche of venom and wearing a +0 chain mail (noxious fumes, severely wounded, 81% to hit)
The entropic shot hits the orc warlord!!
The orc warlord is almost dead.
You feel very sick.
The orc warlord is engulfed in noxious fumes.
The orc warlord hits you from afar with a +6 bardiche of venom!!
* * * LOW HITPOINT WARNING * * *
Casting: Leda's Unmaking (dangerous; 1% risk of failure)
Confirm with . or Enter, or press ? or * to list all spells.
Aiming: Leda's Unmaking (dangerous; 1% risk of failure)
Press: ? - help, Shift-Dir - straight line, f/p - orc warlord
Aim: an orc warlord, wielding a +6 bardiche of venom and wearing a +0 chain mail (noxious fumes, almost dead, 81% to hit)
The entropic shot hits the orc warlord!!
The orc warlord dissolves into mud!
You kill the orc warlord!
Vehumet accepts your kill.
You feel your power returning.
You die...

..#### ...#.).#
....### . .#.).#
......##.. #...#
......#... #.).#
.......... #...#
.......... #...#
##........ #...#
#......... #...#
#......... #.@.#
.......... ##°##
.......... ○○.
.......... #○°~#
)......... #...#
...)...... #####
...#..#...........#
.))#.###. .........
...### ####........


There were no monsters in sight!

Vanquished Creatures
  The ghost of Juakinleluo the Scorcher, an adept HOFE of Vehumet (Shoals:3)
  2 krakens
  Donald (Shoals:1)
  Roxanne (Shoals:3)
  A frost giant (Shoals:4)
  A juggernaut zombie (D:15)
  An orc warlord (Orc:2)
  A juggernaut skeleton (D:15)
  Nessos (D:14)
  Azrael (D:12)
  8 merfolk impalers
  4 merfolk javelineers (Shoals:4)
  The ghost of Jiolyugh the Geomancer, a journeyman GrEE of Qazlal (D:14)
  A hydra (D:13)
  4 boulder beetles
  2 ironbound frosthearts (IceCv)
  4 merfolk avatars
  2 catoblepae
  Erica (D:11)
  5 merfolk aquamancers
  4 centaur warriors
  A death knight (D:13)
  5 death yaks (IceCv)
  4 two-headed ogres
  2 alligator snapping turtles
  A vampire mage (D:15)
  4 satyrs
  A tengu warrior (D:8)
  A hell hog (Volcano)
  Urug (D:10)
  3 skysharks
  A fire crab (Volcano)
  Nergalle (Lair:1)
  6 skeletal warriors
  Lodul (D:13)
  A spark wasp zombie (D:15)
  11 sea snakes
  A golden dragon skeleton (D:15)
  A glowing orange brain (D:14)
  3 orc knights
  5 lindwurms
  14 harpies
  A necromancer (D:15)
  2 deep elf pyromancers
  5 ugly things (D:14)
  An oklob plant (Lair:4)
  2 orc sorcerers
  10 fauns
  5 cyclopes
  8 manticores
  8 slime creatures
  22 elephants
  6 black mambas
  5 merfolk sirens
  2 eyes of devastation (D:14)
  An ice statue (IceCv)
  3 gargoyles
  3 water nymphs
  7 cane toads
  A rime drake (shapeshifter) (D:14)
  3 rime drakes
  A tengu conjurer (D:15)
  8 komodo dragons
  A freezing wraith (D:15)
  23 merfolk
  A queen bee (Lair:1)
  7 trolls
  14 polar bears
  6 hornets (Lair:5)
  4 wind drakes
  3 blink frogs (Lair:5)
  6 snapping turtles
  9 dream sheep
  A jumping spider (Lair:3)
  Sigmund (D:6)
  13 spriggans (Lair:5)
  3 shadows
  A wraith (D:11)
  13 water elementals
  8 wyverns
  A fire elemental (D:12)
  2 basilisks (Lair:5)
  60 yaks
  A golden eye (shapeshifter) (D:13)
  11 vampire mosquitoes
  16 humans (D:14)
  4 steam dragons
  Grum (D:8)
  4 wargs
  2 acid dragons
  6 hell hounds
  6 water moccasins
  6 black bears
  3 ice beasts
  14 orc warriors
  3 sky beasts
  48 wolves
  20 centaurs
  13 ogres
  4 boggarts (Lair:5)
  An ogre (shapeshifter) (D:8)
  A phantom (D:5)
  3 kobold brigands (D:8)
  2 scorpions
  18 bullfrogs
  4 wights (D:5)
  30 killer bees
  7 electric eels
  8 howler monkeys
  3 hounds
  2 gnoll boudas
  17 orc priests
  4 jellies
  Jessica (D:2)
  Terence (D:3)
  2 iguanas
  25 orc wizards
  13 gnolls
  7 adders
  2 shadow imps
  A white imp (D:8)
  An ufetubus (D:4)
  3 worms (D:6)
  2 dart slugs
  91 orcs
  6 ball pythons
  9 endoplasms
  8 goblins
  9 hobgoblins
  6 jackals
  15 kobolds
  4 quokkas
  6 bats
  A frilled lizard (D:2)
  7 rats
  A butterfly (Lair:3)
879 creatures vanquished.

Vanquished Creatures (collateral kills)
  2 foxfires (Lair:4)
2 creatures vanquished.

Vanquished Creatures (others)
  A troll (D:12)
  A water elemental (D:12)
  A hell hound (D:12)
  860 foxfires
  4 tentacles (Shoals:4)
867 creatures vanquished.

Grand Total: 1748 creatures vanquished

Notes
Turn   | Place    | Note
-------+----------+-------------------------------------------
     0 | D:1      | pokeman the Deep Elf Hedge Wizard began the quest for the
                  | Orb.
     0 | D:1      | Reached XP level 1. HP: 10/10 MP: 7/7
   169 | D:1      | Found Sisinkeu's General Store.
   274 | D:1      | Reached XP level 2. HP: 16/16 MP: 9/9
   853 | D:1      | Reached skill level 5 in Spellcasting
  1031 | D:2      | Learned a level 1 spell: Foxfire
  1108 | D:2      | Reached XP level 3. HP: 20/20 MP: 9/11
  1119 | D:2      | Learned a level 3 spell: Mephitic Cloud
  1122 | D:2      | Learned a level 2 spell: Call Imp
  1125 | D:2      | Learned a level 2 spell: Blink
  1127 | D:2      | Found a faded altar of an unknown god.
  1270 | D:2      | Noticed Jessica
  1276 | D:2      | Killed Jessica
  1277 | D:2      | Reached skill level 1 in Fighting
  1277 | D:2      | Reached skill level 1 in Armour
  1352 | D:2      | Reached XP level 4. HP: 25/25 MP: 11/13
  1793 | D:1      | Bought a potion of heal wounds for 55 gold pieces
  1882 | D:3      | Noticed Terence
  1896 | D:3      | Killed Terence
  1897 | D:3      | Reached skill level 6 in Spellcasting
  1933 | D:3      | Reached XP level 5. HP: 29/29 MP: 13/15
  2486 | D:4      | Reached skill level 1 in Fire Magic
  2565 | D:4      | Reached skill level 1 in Poison Magic
  2671 | D:4      | Noticed a black bear
  2680 | D:4      | Killed a black bear
  2681 | D:4      | Reached skill level 1 in Air Magic
  2681 | D:4      | Reached XP level 6. HP: 34/34 MP: 12/17
  2964 | D:5      | Entered Level 5 of the Dungeon
  2972 | D:5      | Reached skill level 7 in Spellcasting
  2991 | D:5      | Found a staircase to the Ecumenical Temple.
  3000 | Temple   | Entered the Ecumenical Temple
  3015 | Temple   | Became a worshipper of Vehumet
  3074 | D:5      | Reached XP level 7. HP: 38/38 MP: 16/20
  3095 | D:5      | Reached skill level 8 in Spellcasting
  3320 | D:5      | Reached XP level 8. HP: 41/44 MP: 17/22
  3334 | D:5      | Reached * piety under Vehumet
  3334 | D:5      | Offered knowledge of Sandblast by Vehumet.
  3335 | D:5      | Reached skill level 9 in Spellcasting
  3894 | D:6      | Reached skill level 5 in Conjurations
  3958 | D:6      | Reached skill level 10 in Spellcasting
  4229 | D:6      | Noticed a moth of wrath
  4232 | D:6      | Found a bloodstained altar of Trog.
  4262 | D:6      | Identified the +7 short sword "Zunwur" {protect, rPois
                  | rC+++ MP+9 Str-5}
  4461 | D:6      | Noticed Sigmund
  4468 | D:6      | Killed Sigmund
  4469 | D:6      | Reached XP level 9. HP: 39/48 MP: 25/25
  4659 | D:7      | Reached skill level 5 in Fire Magic
  4693 | D:7      | Reached skill level 11 in Spellcasting
  5011 | D:7      | Found a white marble altar of Elyvilon.
  5030 | D:7      | Found Qiakyop's Antique Weapon Boutique.
  5069 | D:7      | Reached ** piety under Vehumet
  5077 | D:7      | Offered knowledge of Shock by Vehumet.
  5175 | D:7      | Found a basalt altar of Yredelemnul.
  5244 | D:8      | Found Raiwa's Weapon Shoppe.
  5398 | D:8      | Learned a level 6 spell: Starburst
  5421 | D:8      | Noticed Grum
  5434 | D:8      | Killed Grum
  5545 | D:8      | Reached skill level 12 in Spellcasting
  5815 | D:8      | Reached XP level 10. HP: 56/56 MP: 28/28
  5826 | D:8      | Offered knowledge of Scorch by Vehumet.
  5871 | D:8      | Got the Lectures on Amathomancy
  6203 | D:9      | Reached *** piety under Vehumet
  6211 | D:9      | Reached skill level 13 in Spellcasting
  6350 | D:9      | Reached skill level 1 in Evocations
  6569 | D:9      | Found a snail-covered altar of Cheibriados.
  6569 | D:9      | Found an ancient bone altar of Kikubaaqudgha.
  6735 | D:8      | Offered knowledge of Ignite Poison by Vehumet.
  6782 | D:8      | Noticed a tengu warrior
  6782 | D:8      | Noticed a boulder beetle
  6807 | D:8      | Killed a boulder beetle
  6888 | D:8      | Killed a tengu warrior
  6889 | D:8      | Reached skill level 14 in Spellcasting
  6921 | D:8      | Noticed a deep elf pyromancer
  6924 | D:8      | Killed a deep elf pyromancer
  6924 | D:8      | Identified the +5 hand axe of the Sugar Beet {freeze, MP+9
                  | Int-5 SInv}
  6999 | D:8      | Identified the +0 helmet of Gatominn {Regen+ Str+3 Dex-3}
  7310 | D:10     | Entered Level 10 of the Dungeon
  7386 | D:10     | Found an opulent altar of Gozag.
  7462 | D:10     | Reached XP level 11. HP: 61/61 MP: 31/31
  7484 | D:10     | Found a blossoming altar of Fedhas.
  7537 | D:10     | Reached skill level 1 in Shields
  7537 | D:10     | Found a staircase to the Lair.
  7539 | D:10     | Reached **** piety under Vehumet
  7568 | D:10     | Noticed a centaur warrior
  7573 | D:10     | Killed a centaur warrior
  7620 | D:10     | Offered knowledge of Frozen Ramparts by Vehumet.
  7690 | D:10     | Noticed Urug
  7712 | D:10     | Killed Urug
  7713 | D:10     | Reached skill level 15 in Spellcasting
  7993 | D:10     | Found a shimmering blue altar of Sif Muna.
  8041 | D:10     | Identified the +4 hand axe of Makhleb's Esteem {heavy, rF+}
  8452 | D:11     | Found a staircase to the Orcish Mines.
  8453 | D:11     | Noticed a two-headed ogre
  8483 | D:11     | Killed a two-headed ogre
  8484 | D:11     | Noticed Erica
  8492 | D:11     | Killed Erica
  8492 | D:11     | Reached ***** piety under Vehumet
  8561 | D:11     | Offered knowledge of Yara's Violent Unravelling by Vehumet.
  8667 | D:11     | Identified a scroll of acquirement
  8668 | D:11     | Acquired 663 gold pieces
  8900 | D:11     | Reached skill level 16 in Spellcasting
  9302 | D:12     | Learned a level 6 spell: Plasma Beam
  9318 | D:12     | Noticed Azrael
  9419 | Lair:1   | Entered Level 1 of the Lair of Beasts
  9487 | Lair:1   | Found a transporter.
  9488 | Lair:1   | Found a transporter.
  9488 | Lair:1   | Noticed a boulder beetle
  9511 | Lair:1   | Noticed Nergalle
  9515 | Lair:1   | Killed Nergalle
  9516 | Lair:1   | Reached XP level 12. HP: 66/66 MP: 33/34
  9880 | Lair:1   | Found a bloodstained altar of Trog.
 10202 | Lair:1   | Reached skill level 10 in Conjurations
 10455 | Lair:2   | Reached skill level 17 in Spellcasting
 10561 | Lair:2   | Identified the +4 orcbow "Viv Fueh" {freeze, rC+}
 10664 | Lair:2   | Offered knowledge of Arcjolt by Vehumet.
 10828 | Lair:2   | Noticed a catoblepas
 10837 | Lair:2   | Killed a catoblepas
 10838 | Lair:2   | Reached skill level 10 in Fire Magic
 11448 | Lair:3   | Reached skill level 5 in Shields
 11453 | Lair:3   | Reached skill level 18 in Spellcasting
 11477 | Lair:3   | Reached XP level 13. HP: 46/70 MP: 6/37
 11585 | Lair:3   | Found a hole to the Spider Nest.
 11660 | Lair:3   | Found a staircase to the Shoals.
 11800 | Lair:3   | Identified the ring of the Scavenger {Drain +Blink rN+
                  | Stlth+}
 11980 | Lair:3   | Identified the +3 long sword of Virag {pain, *Noise rF+++
                  | Will+ Dex+3 SInv}
 11982 | Lair:3   | Identified the +8 falchion "Guxyhoxi" {freeze, Fly rElec
                  | Dex-5}
 12857 | Lair:4   | Reached skill level 1 in Necromancy
 12903 | Lair:4   | Learned a level 3 spell: Stone Arrow
 13035 | Lair:4   | Reached skill level 1 in Earth Magic
 13406 | Lair:4   | Reached skill level 19 in Spellcasting
 13802 | Lair:5   | Entered Level 5 of the Lair of Beasts
 13803 | Lair:5   | Offered knowledge of Iskenderun's Battlesphere by Vehumet.
 13815 | Lair:5   | Reached skill level 1 in Ice Magic
 13825 | Lair:5   | Found a viscous altar of Jiyva.
 13826 | Lair:5   | Found a staircase to the Slime Pits.
 14230 | Lair:5   | Reached skill level 5 in Armour
 14234 | Lair:5   | Found a dark tunnel.
 14243 | Volcano  | Entered a volcano
 14971 | Lair:5   | Reached skill level 20 in Spellcasting
 14973 | Lair:5   | Reached XP level 14. HP: 53/76 MP: 37/40
 14989 | Lair:5   | Offered knowledge of Conjure Ball Lightning by Vehumet.
 15390 | Lair:5   | Identified the +4 spear "Unlenwuz" {flame, Int+5}
 16373 | D:12     | HP: 3/76 [Azrael/fireball (2)]
 16374 | D:12     | Killed Azrael
 17446 | D:13     | Noticed Lodul
 17495 | D:13     | Found a frozen archway.
 17516 | IceCv    | Entered an ice cave
 17955 | IceCv    | Reached skill level 21 in Spellcasting
 18268 | IceCv    | Got the Encyclopedia of Glaciation
 18753 | D:13     | Learned a level 3 spell: Swiftness
 18844 | D:13     | Killed Lodul
 19273 | D:14     | Reached skill level 5 in Fighting
 19299 | D:14     | Identified the +2 helmet "Yhoesoic" {rC- Will+ MP+9 Dex+3}
 19339 | D:14     | Found the +9 staff of Olgreb {rPois∞}
 19343 | D:14     | Found a runed translucent door.
 19360 | D:14     | Noticed an emperor scorpion
 19361 | D:14     | Found a runed translucent gate.
 19361 | D:14     | Found a runed translucent gate.
 19362 | D:14     | Found a runed translucent door.
 19431 | D:14     | Found a runed translucent gate.
 19449 | D:14     | Offered knowledge of Freezing Cloud by Vehumet.
 19458 | D:14     | Learned a level 5 spell: Freezing Cloud
 19830 | D:14     | Reached XP level 15. HP: 82/82 MP: 42/42
 19965 | D:14     | Noticed Nessos
 19969 | D:14     | Killed Nessos
 19972 | D:14     | Found a gate to the Vaults.
 19976 | D:14     | Reached skill level 22 in Spellcasting
 20096 | D:14     | Found a runed translucent gate.
 20096 | D:14     | Found a runed translucent gate.
 20097 | D:14     | Found a runed translucent gate.
 20098 | D:14     | Noticed Jiolyugh's ghost (journeyman GrEE)
 20106 | D:14     | Identified the +3 short sword "Trog's Fury" {venom, rF+ rN+
                  | Str+5 Dex+2}
 20481 | D:14     | Found a viscous altar of Jiyva.
 20495 | D:14     | Killed Jiolyugh's ghost
 20658 | D:15     | Entered Level 15 of the Dungeon
 20902 | D:15     | Found a broken altar of Ashenzari.
 21210 | D:15     | Found a staircase to the Depths.
 22118 | Shoals:1 | Entered Level 1 of the Shoals
 22486 | Shoals:1 | Noticed Donald
 22489 | Shoals:1 | Killed Donald
 23269 | Shoals:2 | Reached skill level 23 in Spellcasting
 24232 | Shoals:3 | Reached XP level 16. HP: 90/90 MP: 27/45
 24820 | Shoals:3 | Offered knowledge of Leda's Unmaking by Vehumet.
 24831 | Shoals:3 | Learned a level 6 spell: Leda's Unmaking
 24912 | Shoals:3 | Noticed Roxanne
 24938 | Shoals:3 | Reached ****** piety under Vehumet
 25291 | Shoals:3 | Found a runed translucent door.
 25291 | Shoals:3 | Noticed Juakinleluo's ghost (adept HOFE)
 25615 | Shoals:3 | Killed Roxanne
 26182 | Shoals:3 | Noticed a kraken
 26195 | Shoals:3 | Killed a kraken
 26196 | Shoals:3 | Reached skill level 24 in Spellcasting
 26294 | Shoals:3 | Killed Juakinleluo's ghost
 26463 | Shoals:4 | Entered Level 4 of the Shoals
 26524 | Shoals:4 | Reached skill level 15 in Conjurations
 26724 | Shoals:4 | Noticed a kraken
 26830 | Shoals:4 | Identified the +7 flail of the Eight Curses {heavy, rC++}
 27182 | Shoals:4 | Reached skill level 15 in Fire Magic
 27270 | Shoals:4 | Identified the +7 falchion "Impeemo" {heavy, Drain rF+
                  | Dex+2}
 27380 | Shoals:4 | Identified the staff "Qirroal" {rPois rC+ Dex+2 Poison}
 27567 | Shoals:4 | Found Olimy's Book Emporium.
 27693 | Shoals:4 | Got a barnacled rune of Zot
 27722 | Shoals:4 | Killed a kraken
 27865 | Shoals:4 | Got the Vellum of Hazy Assaults
 28652 | Orc:1    | Entered Level 1 of the Orcish Mines
 29021 | Orc:1    | Offered knowledge of Ignition by Vehumet.
 29033 | Orc:1    | Learned a level 8 spell: Ignition
 29213 | Orc:2    | Entered Level 2 of the Orcish Mines
 29355 | Orc:2    | Found a staircase to the Elven Halls.
 29568 | Orc:2    | HP: 3/90 [orc warlord/+6 bardiche of venom (35)]
 29569 | Orc:2    | Succumbed to an orc warlord's poison

Illustrated notes

Levels and vault maps discovered:
D:1:      spicycebolla_arrival_clurvy, layout_loops_cross, serial_shops,
          nicolae_shop_peninsula, minmay_misc_feat_plants, kennysheep_doodads
D:2:      layout_loops_cross, shapermc_ecumenical_altar_mp_ritualfount,
          uniq_jessica
D:3:      kennysheep_six_static_rooms, layout_rooms,
          nicolae_kite_square_tiling_tiny, minmay_unequal, uniq_terence
D:4:      layout_rooms
D:5:      layout_rooms, lemuel_temple_firewalk_a
D:6:      layout_loops_ring, tgw_trog, chequers_avenue, item_on_display_a,
          uniq_sigmund
D:7:      layout_rooms, kennysheep_ying_yang, serial_shops, shop
D:8:      minmay_octagon_keep, layout_basic, serial_shops,
          nicolae_shop_bloodbath_and_beyond, minmay_the_grid_2x2
          [minmay_the_grid_dragon_a, minmay_the_grid_mess,
          minmay_the_grid_rooms, minmay_the_grid_prize_shrinking_boxes],
          uniq_grum
D:9:      layout_rooms, gammafunk_temple_overflow_wave
D:10:     layout_basic, kennysheep_mini_moat, tgw_sif,
          mainiacjoe_overflow_catwalk, david_lair_shrubbed,
          nicolae_concentric_dashed_squares_mild, evilmike_butchery, uniq_urug
D:11:     layout_basic, erik_orc_4, serial_rivers,
          chequers_serial_rivers_micro_c, chequers_serial_rivers_micro_a,
          chequers_serial_rivers_room_b, chequers_serial_rivers_micro_b,
          uniq_erica
D:12:     layout_rooms, water_maze_lemuel, uniq_azrael
D:13:     layout_irregular_city, portal_ice_cave_entry_pillars_2, uniq_lodul
D:14:     layout_grid_maze, david_vaults_3, minmay_hedge_maze,
          gammafunk_ghost_ooze, minmay_guarded_unrand_staff_of_olgreb
D:15:     gammafunk_depths_entry_grave, layout_irregular_city,
          ashenzari_conservatory_becter
Temple:   eino_narrow_crystal_temple
Lair:1:   gammafunk_boulding_lane, layout_cave_pods, special_room
          [special_room_bee], basic_altar, uniq_nergalle
Lair:2:   layout_cave_pods, columned_hall_lemuel
Lair:3:   layout_roguey, elwin_shoals_entry_rocks, spider_nest_entry_rubble,
          minmay_lindwurm_lava, lemuel_fruit_fields
Lair:4:   layout_regular_city, grunt_megastairs_3, serial_bayou_shore_b,
          serial_bayou_shore_a
Lair:5:   minmay_lair_end_enchanted_forest, layout_long_grid, slime_entry_1,
          nicolae_volcano_entry_vermiform, infiniplex_staircase_pool
Shoals:1: layout_shoals, uniq_donald
Shoals:2: layout_shoals
Shoals:3: layout_shoals, ebering_ghost_inner_flame, uniq_roxanne
Shoals:4: shoals_end_grunt_ice, layout_shoals, serial_shops, shop
Orc:1:    layout_caves, minmay_orc_temple_b
Orc:2:    grunt_orc_cross, layout_diamond_mine, gammafunk_ghost_fury_of_okawaru,
          minmay_orc_barracks

Skill      XL: |  1  2  3  4  5  6  7  8  9 10 11 12 13 14 15 16 |
---------------+-------------------------------------------------+-----
Spellcasting   | 5 6 7 8 10 12 14 16 18 20 21 23 24 | 24.8
Fighting       | 1 2 3 4 5 6 7 |  7.0
Armour         | 1 3 4 5 6 7 |  7.3
Conjurations   | 2 3 4 5 7 8 9 11 12 13 14 15 | 15.4
Stealth        | 3 |  3.0
Dodging        | 3 |  3.0
Fire Magic     | 1 2 3 4 6 7 9 10 11 13 14 15 | 15.1
Poison Magic   | 1 |  1.1
Air Magic      | 1 |  1.3
Evocations     | 1 |  1.1
Shields        | 3 5 6 |  6.0
Necromancy     | 1 |  1.0
Earth Magic    | 1 |  1.3
Ice Magic      | 1 |  1.0
Summonings     | |  1.1
Translocations | |  1.1

Action                     |  1- 3 |  4- 6 |  7- 9 | 10-12 | 13-15 | 16-18 || total
---------------------------+-------+-------+-------+-------+-------+-------++-------
  Melee: Dagger            |    19 |    13 |    18 |       |       |       ||    50
         Punch             |     1 |       |       |     2 |     3 |       ||     6
         Short sword       |       |       |    35 |    79 |    69 |    21 ||   204
         Long sword        |       |       |       |       |     1 |       ||     1
   Cast: Magic Dart        |    50 |     1 |    13 |     9 |     3 |       ||    76
         Foxfire           |    12 |   127 |   241 |   103 |    17 |       ||   500
         Mephitic Cloud    |       |       |    13 |    20 |    11 |     1 ||    45
         Blink             |       |       |     2 |       |     1 |     2 ||     5
         Call Imp          |       |       |     1 |       |     1 |     1 ||     3
         Starburst         |       |       |       |   132 |   277 |   105 ||   514
         Stone Arrow       |       |       |       |       |    30 |       ||    30
         Plasma Beam       |       |       |       |       |   117 |   104 ||   221
         Leda's Unmaking   |       |       |       |       |       |    29 ||    29
         Freezing Cloud    |       |       |       |       |       |     3 ||     3
  Evoke: Wand              |       |       |       |     4 |     1 |       ||     5
    Use: Scroll            |       |       |       |    12 |    14 |     4 ||    30
   Stab: Sleeping          |     1 |     1 |       |       |     1 |       ||     3
         Confused          |       |       |     9 |     4 |       |       ||    13
 Armour: Robe              |     6 |     8 |    15 |    50 |    14 |       ||    93
         Steam dragon scal |       |       |       |       |    59 |    34 ||    93
  Dodge: Dodged            |    16 |    22 |    89 |   168 |   185 |    38 ||   518
  Block: Buckler           |       |       |       |       |     5 |    23 ||    28

Table legend: (Time is in decaauts)
 A = Elapsed time spent in this place.
 B = Non-inter-level travel time spent in this place.
 C = Inter-level travel time spent in this place.
 D = Time resting spent in this place.
 E = Time spent auto-exploring this place.
 F = Levels seen in this place.
 G = Mean time per level.
                   A        B        C        D        E       F      G
               +--------+--------+--------+--------+--------+-----+--------+
         Total |  29784 |  26604 |   3180 |   1559 |  20323 |  29 | 1027.0 |
       Dungeon |  14890 |  12874 |   2016 |    257 |  10206 |  15 |  992.7 |
        Temple |    136 |     91 |     45 |      0 |      0 |   1 |  136.0 |
          Lair |   6164 |   5476 |    688 |     50 |   4407 |   5 | 1232.8 |
        Shoals |   6281 |   5915 |    366 |   1168 |   4075 |   4 | 1570.2 |
  Orcish Mines |    918 |    855 |     63 |      0 |    665 |   2 |  459.0 |
      Ice Cave |   1005 |   1005 |      0 |     15 |    752 |   1 | 1005.0 |
       Volcano |    388 |    388 |      0 |     69 |    218 |   1 |  388.0 |
               +--------+--------+--------+--------+--------+-----+--------+

Top non-repeatable levels by time:
Shoals:3: 2379 daAuts
  Lair:5: 1716 daAuts
    D:14: 1434 daAuts
     D:8: 1415 daAuts
Shoals:2: 1408 daAuts
    D:12: 1328 daAuts
Shoals:1: 1304 daAuts
     D:5: 1296 daAuts
  Lair:4: 1240 daAuts
    D:10: 1236 daAuts
Shoals:4: 1188 daAuts
  Lair:2: 1180 daAuts
  Lair:1: 1113 daAuts
     D:6: 1109 daAuts
     D:1: 1064 daAuts
